 Dungeon Crawl Stone Soup version 0.29.0-11-gd7f09526c8 (webtiles) character file.

Game seed: 15582580363025219572

647 concernfroge the Fighter (level 7, 0/63 HPs)
             Began as a Mummy Monk on Sept 3, 2022.
             Slain by an ogre
             ... wielding a +0 giant spiked club
              (21 damage)
             ... on level 4 of the Dungeon on Sept 4, 2022.
             The game lasted 00:13:25 (5571 turns).

concernfroge the Fighter (Mummy Monk)               Turns: 5571, Time: 00:13:25

Health: 0/63       AC:  8    Str: 16    XL:     7   Next: 27%
Magic:  0/7        EV:  7    Int: 10    God:
Gold:   190        SH:  0    Dex: 14    Spells: 6/6 levels left

rFire   x . .      SeeInvis .   f - +0 halberd
rCold   + . .      Faith    .   (shield currently unavailable)
rNeg    + + +      Spirit   +   h - +0 chain mail
rPois   ∞          Reflect  .   (no helmet)
rElec   .          Harm     .   (no cloak)
rCorr   .          Rampage  .   (no gloves)
Will    .....                   (no boots)
Stlth   ..........              m - amulet of guardian spirit
HPRegen 0.20/turn               (no ring)
MPRegen 0.10/turn               (no ring)

@: about to teleport
A: cold resistance 1, negative energy resistance 3, torment resistance 2, heat
vulnerability 1, in touch with death 1, no potions
a: no special abilities


You were on level 4 of the Dungeon.
You visited 1 branch of the dungeon, and saw 5 of its levels.

You collected 190 gold pieces.

Inventory:

Hand Weapons
 d - a +0 trident
 f - a +0 halberd (weapon)
 i - a +0 great sword
 p - a +4 spear of venom
Missiles
 b - 2 poisoned darts
 o - 2 javelins (quivered)
 q - 3 boomerangs
Armour
 h - a +0 chain mail (worn)
Jewellery
 c - a ring of wizardry
 m - an amulet of guardian spirit (around neck)
Scrolls
 a - 2 scrolls of identify
 g - 2 scrolls of amnesia
 j - a scroll of vulnerability
 k - a scroll of noise
 l - 2 scrolls of enchant weapon


   Skills:
 + Level 8.5 Fighting
 - Level 2.4 Polearms
 - Level 2.4 Dodging
 - Level 1.5 Stealth


You had 6 spell levels left.
You didn't know any spells.
Your spell library contained the following spells:

 Spells                   Type           Power      Damage    Failure   Level
 Dazzling Flash           Conj/Hex       0%         N/A       100%        3
 Iskenderun's Mystic Bla  Conj/Tloc      0%         2d3       100%        4
 Starburst                Conj/Fire      0%         6d3       100%        6
 Chain Lightning          Conj/Air       0%         N/A       100%        9
 Fire Storm               Conj/Fire      0%         5d1       100%        9
 Shatter                  Erth           0%         3d5*      100%        9


Dungeon Overview and Level Annotations

Branches:
Dungeon (5/15)
 Temple: D:4-7

Altars:
Qazlal
Sif Muna
Vehumet

Shops:
D:4 (

Portals:
Abyss: D:4

Annotations:
D:4 2 transporters, brightshaft's ghost, amateur SpHu


Innate Abilities, Weirdness & Mutations

You are immune to poison.
Your flesh is cold resistant. (rC+)
You are immune to negative energy. (rN+++)
You are immune to unholy pain and torment.
You are vulnerable to heat. (rF-)
You are in touch with the powers of death.
You do not drink.


Message History

The black bear barely misses you.
The black bear claws you but does no damage.
The black bear claws you.
You slash the black bear!
You kill the black bear!
An orc comes into view. It is wielding a +0 hand axe.
The orc shouts!
You closely miss the orc. The orc barely misses you.
You puncture the orc!
You kill the orc!
No target in view!
An ogre comes into view. It is wielding a +0 giant spiked club.
The ogre shouts!
As you read the scroll labelled VALIGROTTA, it crumbles to dust.
The scroll dissolves into smoke.
It was a scroll of fog.
You hit the ogre.
The ogre is lightly wounded.
The ogre hits you with a +0 giant spiked club!
You puncture the ogre!
The ogre is heavily wounded.
The ogre barely misses you.
You barely miss the ogre.
The ogre is heavily wounded.
The ogre barely misses you.
A goblin comes into view. It is wielding a +0 club.
You hit the ogre.
The ogre is heavily wounded.
The ogre hits you with a +0 giant spiked club!!
You barely miss the ogre.
The ogre is heavily wounded.
The ogre hits you with a +0 giant spiked club!
Okay, then.
Okay, then.
You aren't carrying any items that you can evoke.
Okay, then.
As you read the scroll of teleportation, it crumbles to dust.
You feel strangely unstable. The ogre attacks as you move away!
The ogre hits you with a +0 giant spiked club!!
You die...

..##.###.###.#
#.##.#.#########
..#.......#
#.##.#.#####
..##.#.#..#
#.##.#.....#
####.#...## #
####.#####.#
.....#.###.. #.
#.#####.#
######.# #.
#.####.......#
#.# #§
#.#§..#######
#.# #g##§####
### #O@## ####


You could see an ogre and a goblin.

Vanquished Creatures
  A black bear (D:4)
  A scorpion (D:4)
  A howler monkey (D:4)
  A gnoll bouda (D:4)
  An orc priest (D:4)
  2 hounds (D:4)
  An iguana (D:4)
  Natasha (D:3)
  An orc wizard (D:4)
  8 gnolls
  An adder (D:2)
  3 dart slugs
  4 orcs
  6 ball pythons
  4 bats
  4 endoplasms
  4 giant cockroaches
  6 goblins
  5 hobgoblins
  12 jackals
  4 kobolds
  3 quokkas
  A frilled lizard (D:2)
  2 rats
77 creatures vanquished.

Vanquished Creatures (collateral kills)
  A sky beast (D:4)
  A gnoll (D:4)
  An orc (D:4)
  2 kobolds (D:4)
5 creatures vanquished.

Grand Total: 82 creatures vanquished

Notes
Turn   | Place    | Note
-------+----------+-------------------------------------------
     0 | D:1      | concernfroge the Mummy Monk began the quest for the Orb.
     0 | D:1      | Reached XP level 1. HP: 18/18 MP: 1/1
   155 | D:1      | Reached XP level 2. HP: 15/24 MP: 2/2
   579 | D:1      | Reached skill level 4 in Fighting
  1376 | D:2      | Gained mutation: You are in touch with the powers of death.
                  | [Mummy growth]
  1376 | D:2      | Reached XP level 3. HP: 25/30 MP: 3/3
  1542 | D:2      | Found a radiant altar of Vehumet.
  1937 | D:2      | Found a faded altar of an unknown god.
  2382 | D:3      | Noticed an ogre
  2423 | D:3      | Found a shimmering blue altar of Sif Muna.
  2635 | D:4      | Reached skill level 5 in Fighting
  2635 | D:4      | Reached XP level 4. HP: 7/39 MP: 4/4
  3095 | D:3      | Found a stormy altar of Qazlal.
  3671 | D:3      | Noticed Natasha
  3686 | D:3      | Killed Natasha
  3687 | D:3      | Reached XP level 5. HP: 19/46 MP: 2/5
  3907 | D:3      | Reached skill level 6 in Fighting
  4406 | D:4      | Reached XP level 6. HP: 26/53 MP: 2/6
  4418 | D:4      | Reached skill level 7 in Fighting
  4678 | D:4      | Found Nyoschat's Weapon Shoppe.
  4683 | D:4      | Found a transporter.
  4745 | D:4      | Found a transporter.
  4758 | D:4      | Found a one-way gate to the infinite horrors of the Abyss.
  4758 | D:4      | Noticed brightshaft's ghost (amateur SpHu)
  4764 | D:4      | Noticed a sky beast
  4804 | D:5      | Entered Level 5 of the Dungeon
  5091 | D:4      | Killed a sky beast
  5098 | D:4      | Noticed a small abomination
  5118 | D:4      | Reached skill level 8 in Fighting
  5355 | D:4      | Reached XP level 7. HP: 62/62 MP: 7/7
  5571 | D:4      | Slain by an ogre

Illustrated notes

Levels and vault maps discovered:
D:1:      lemuel_arrival_river_bridge, layout_basic, serial_bayou_pond_c,
          nrook_campfire
D:2:      layout_basic, hellmonk_ecumenical_altar_pennies_from_heaven,
          basic_altar, minmay_misc_feat_chi
D:3:      layout_rooms, grunt_temple_overflow_open, serial_curves,
          eino_curves_03, eino_curves_04, uniq_natasha
D:4:      layout_basic, marbit_many_paths, gammafunk_ghost_abyssal_escape,
          serial_shops, shop, serial_park_tiny_pond
D:5:      layout_basic, nicolae_ru_awakened_eye, serial_bayou_lagoon_a

Skill      XL: |  1  2  3  4  5  6 |
---------------+-------------------+-----
Fighting       | 4 5 6 8 |  8.5
Polearms       | |  2.4
Dodging        | |  2.4
Stealth        | |  1.5

Action                   |  1- 3 |  4- 6 |  7- 9 || total
-------------------------+-------+-------+-------++-------
Melee: Spear             |   197 |   105 |       ||   302
       Punch             |     3 |       |       ||     3
       Trident           |       |    26 |       ||    26
       Halberd           |       |    69 |    16 ||    85
Throw: Javelin           |     4 |     5 |       ||     9
       Dart              |     3 |     7 |       ||    10
  Use: Scroll            |       |    10 |     2 ||    12
 Stab: Sleeping          |     4 |     2 |       ||     6
Armor: Robe              |     8 |       |       ||     8
       Leather armour    |     3 |       |       ||     3
       Ring mail         |    36 |    27 |       ||    63
       Chain mail        |       |    62 |    12 ||    74
Dodge: Dodged            |   121 |    94 |    15 ||   230
